 Dungeon Crawl Stone Soup version 0.18.1-50-g88ac8fd (webtiles) character file.

10010 magog001 the Blocker (level 11, -14/97 HPs)
             Began as a Minotaur Fighter on Mar 19, 2017.
             Was an Elder of Nemelex Xobeh.
             Demolished by a white ugly thing (22 damage)
             ... on level 11 of the Dungeon.
             The game lasted 01:21:21 (11006 turns).

magog001 the Blocker (Minotaur Fighter)            Turns: 11006, Time: 01:21:25

Health: -14/97     AC: 14    Str: 24    XL:     11   Next: 30%
Magic:  10/10      EV: 13    Int:  8    God:    Nemelex Xobeh [****..]
Gold:   200        SH: 14    Dex: 14    Spells: 0 memorised, 10 levels left

rFire  + . .     SeeInvis .     k - +6 short sword (venom)
rCold  . . .     Gourm    .     B - +1 scale mail of the Harp {*Contam MR+ Int+5 Dex+4}
rNeg   . . .     Faith    .     c - +1 shield
rPois  .         Spirit   .     (helmet restricted)
rElec  .         Dismiss  .     (no cloak)
rCorr  .         Reflect  .     g - +1 pair of gloves
SustAt .         Harm     .     w - +1 pair of boots
MR     +....                    (no amulet)
Stlth  ++........               V - ring of stealth
                                l - ring of protection from fire

@: somewhat resistant to hostile enchantments, unstealthy
A: retaliatory headbutt, horns 2, dopey 1, screaming 1
a: Triple Draw, Deal Four, Renounce Religion


You were on level 11 of the Dungeon.
You worshipped Nemelex Xobeh.
Nemelex Xobeh was greatly pleased with you.
You were not hungry.

You visited 1 branch of the dungeon, and saw 11 of its levels.
You also visited: Sewer.

You collected 619 gold pieces.
You spent 419 gold pieces at shops.

Inventory:

Hand Weapons
 k - a +6 short sword of venom (weapon)
 y - a +0 hand crossbow
Missiles
 o - 6 tomahawks (quivered)
 x - 67 bolts
Armour
 c - a +1 shield (worn)
 g - a +1 pair of gloves (worn)
 w - a +1 pair of boots (worn)
 B - the +1 scale mail of the Harp (worn) {*Contam MR+ Int+5 Dex+4}
   (You found it on level 10 of the Dungeon)

   It affects your intelligence (+5).
   It affects your dexterity (+4).
   It affects your resistance to hostile enchantments.
   It causes magical contamination when unequipped.
Jewellery
 b - an uncursed ring of resist corrosion
 l - a ring of protection from fire (left hand)
 V - a ring of stealth (right hand)
Wands
 F - a wand of teleportation (1/9)
Scrolls
 a - a scroll of amnesia
 h - 4 scrolls of identify
 m - a scroll of fog
 v - 6 scrolls of teleportation
 H - 2 scrolls of remove curse
 K - 2 scrolls of blinking
 Q - 2 scrolls of recharging
Potions
 d - 4 potions of might
 e - a potion of mutation {unknown}
 q - a potion of cancellation
 r - a potion of lignification
 s - 2 potions of berserk rage
 t - a potion of agility
 u - 5 potions of flight
 A - 2 potions of curing
 D - a potion of magic
 I - a potion of invisibility
 U - a potion of haste
Books
 G - a book of Ice

   Spells                             Type                      Level
   a - Ice Form                       Ice/Transmutation            4
   b - Metabolic Englaciation         Hexes/Ice                    5
   c - Ozocubu's Refrigeration        Ice                          6
   d - Bolt of Cold                   Conjuration/Ice              6
   e - Freezing Cloud                 Conjuration/Ice/Air          6
   f - Simulacrum                     Ice/Necromancy               6
Miscellaneous
 i - an ornate deck of escape
 j - a plain deck of destruction {drawn: 4}
 p - a plain deck of destruction
 C - a plain deck of war {drawn: 1}
 E - a legendary deck of destruction {drawn: 1}
 J - a plain deck of destruction
 L - a plain deck of war
 O - a plain deck of destruction
 P - a plain deck of destruction
 T - a plain deck of war
Comestibles
 f - 2 royal jellies
 z - 9 bread rations
 M - 17 fruits
 N - a meat ration


   Skills:
 * Level 9.4 Fighting
 * Level 9.2 Short Blades
   Level 3.2 Axes
 * Level 10.6 Armour
 + Level 6.7 Dodging
 + Level 2.0 Stealth
 * Level 10.9 Shields
 + Level 0.1 Evocations


You had 10 spell levels left.
You didn't know any spells.

Dungeon Overview and Level Annotations

Branches:
Dungeon (11/15)            Temple (0/1) D:6            Lair (0/8) D:11
    Orc: D:9-12

Altars:
Ashenzari
Dithmenos
Elyvilon
Fedhas
Gozag
Kikubaaqudgha
Nemelex Xobeh
Okawaru
Pakellas
Ru
Sif Muna
Trog
Yredelemnul
The Shining One

Shops:
D:5 ?   D:9 !   D:11 =

Annotations:
D:11 exclusion: oklob plant


Innate Abilities, Weirdness & Mutations

You reflexively headbutt those who attack you in melee.
You have a pair of horns on your head.
You are dopey. (Int -2)
You occasionally shout uncontrollably at your foes.


Message History

Your headbutt misses the white ugly thing.
The white ugly thing is heavily wounded.
The white ugly thing pecks you! The white ugly thing freezes you!!
* * * LOW HITPOINT WARNING * * *
Drink which item? (? for menu, Esc to quit)
You feel better. The white ugly thing barely misses you.
Evoke which item? (* to show all) (? for menu, Esc to quit)
You draw a card...
It is the Hammer.
You have drawn the Hammer.
Press: ? - help, Shift-Dir - straight line, f - white ugly thing
Aim: a white ugly thing (severely wounded, poisoned)
The iron shot misses the white ugly thing.
The iron shot hits the wraith.
The wraith is almost destroyed.
You hear two shouts!
The white ugly thing pecks you!
* * * LOW HITPOINT WARNING * * *
The white ugly thing freezes you!!
You die...
Your body glows slightly and disappears.

#......#
#.....##
###.....##
##..###...#
##..## ##..##
###..## ##..#
##..### ##.##
#..... #..##
#..## #......
..## ##.@#
#........ .##
##u##
#......>.. ##
#WY###...?.....
#
##W##..........
#
##(#..........
# #.)...G......
# ##.(.W.......
# #...........
##..........


You could see a white ugly thing, a hungry ghost, a wraith and an ice beast.

Vanquished Creatures
  Erica (D:9)
  A hill giant (D:11)
  An ugly thing (D:9)
  A gargoyle (D:9)
  A tengu conjurer (D:10)
  A troll (D:9)
  Grinder (D:6)
  A two-headed ogre (D:9)
  2 wraiths (D:8)
  A shadow (D:10)
  3 yaks (D:10)
  Eustachio (D:6)
  2 hippogriffs
  3 orc warriors
  3 sky beasts
  A black bear (D:11)
  An eye of draining (D:8)
  4 phantoms
  2 necrophages
  4 ogres
  6 centaurs
  2 crocodiles (D:9)
  2 big kobolds
  4 giant frogs
  2 wyvern zombies
  10 scorpions
  A troll zombie (D:8)
  8 killer bees
  8 wights
  8 crimson imps
  A centaur zombie (D:10)
  A giant frog zombie (D:6)
  3 human zombies (D:8)
  3 jellies
  6 orc priests
  6 hounds
  13 orc wizards
  5 centaur skeletons
  2 iguanas
  8 worker ants
  2 hound zombies
  An ogre zombie (D:8)
  3 mummies (D:8)
  13 adders
  5 shadow imps
  5 oozes (Sewer)
  An adder zombie (D:5)
  7 worms
  2 dart slugs
  9 giant geckos
  28 orcs
  13 bats
  6 giant cockroaches
  8 goblins
  7 hobgoblins
  12 jackals
  13 kobolds
  5 quokkas
  4 ball pythons
  5 giant newts
  An orc zombie (D:8)
  A quokka zombie (D:9)
  7 rats
  A bush (D:2)
293 creatures vanquished.

Vanquished Creatures (collateral kills)
  2 orc priests (D:10)
  An orc wizard (D:10)
  An orc (D:10)
4 creatures vanquished.

Grand Total: 297 creatures vanquished

Notes
Turn   | Place    | Note
--------------------------------------------------------------
     0 | D:1      | magog001 the Minotaur Fighter began the quest for the Orb.
     0 | D:1      | Reached XP level 1. HP: 19/19 MP: 0/0
   214 | D:1      | Reached XP level 2. HP: 27/27 MP: 1/1
   949 | D:2      | Found a bloodstained altar of Trog.
  1034 | D:2      | Found a white marble altar of Elyvilon.
  1105 | D:2      | Reached XP level 3. HP: 33/33 MP: 2/2
  1651 | D:3      | Found a sparkling altar of Nemelex Xobeh.
  1662 | D:3      | Became a worshipper of Nemelex Xobeh the Trickster
  1711 | D:3      | Received a gift from Nemelex Xobeh
  1848 | D:3      | Reached XP level 4. HP: 41/41 MP: 3/3
  2126 | D:3      | Found a shadowy altar of Dithmenos.
  2142 | D:3      | Received a gift from Nemelex Xobeh
  2507 | D:4      | Found a glowing drain.
  2546 | D:4      | Reached XP level 5. HP: 44/47 MP: 4/4
  2564 | Sewer    | Entered a sewer
  2681 | Sewer    | Reached skill level 1 in Short Blades
  3170 | D:4      | Reached * piety under Nemelex Xobeh
  3299 | D:4      | Noticed an ogre
  3305 | D:4      | Killed an ogre
  3305 | D:4      | Reached skill level 5 in Fighting
  3305 | D:4      | Reached skill level 5 in Armour
  3305 | D:4      | Reached skill level 1 in Dodging
  3305 | D:4      | Reached skill level 5 in Shields
  3305 | D:4      | Reached XP level 6. HP: 53/56 MP: 5/5
  3346 | D:4      | Found an oddly glowing altar of Pakellas.
  3409 | D:4      | Found a blossoming altar of Fedhas.
  3759 | D:4      | Reached XP level 7. HP: 37/61 MP: 6/6
  3975 | D:4      | Received a gift from Nemelex Xobeh
  4026 | D:5      | Entered Level 5 of the Dungeon
  4057 | D:5      | Gained mutation: You are dopey. (Int -2) [mutagenic meat]
  4067 | D:5      | Found an opulent altar of Gozag.
  4411 | D:5      | Reached ** piety under Nemelex Xobeh
  4661 | D:5      | Reached XP level 8. HP: 67/70 MP: 7/7
  4745 | D:5      | Received a gift from Nemelex Xobeh
  4807 | D:5      | Found Fithamni's Magic Scroll Shop.
  4818 | D:5      | Bought a scroll of remove curse for 39 gold pieces
  4818 | D:5      | Bought a scroll of brand weapon for 260 gold pieces
  4912 | D:6      | Found a staircase to the Ecumenical Temple.
  4978 | D:6      | Noticed Eustachio
  4995 | D:6      | Killed Eustachio
  5056 | D:6      | Found a shattered altar of Ashenzari.
  5331 | D:6      | Received a gift from Nemelex Xobeh
  5346 | D:6      | Noticed Grinder
  5370 | D:6      | Killed Grinder
  5539 | D:6      | Reached skill level 5 in Short Blades
  5872 | D:6      | Found a deep blue altar of Sif Muna.
  5875 | D:6      | Reached XP level 9. HP: 78/78 MP: 8/8
  5977 | D:5      | Bought a scroll of identify for 26 gold pieces
  6258 | D:7      | Reached *** piety under Nemelex Xobeh
  6341 | D:7      | Reached skill level 1 in Stealth
  6639 | D:7      | Received a gift from Nemelex Xobeh
  6715 | D:7      | Reached skill level 5 in Dodging
  6737 | D:7      | Found an iron altar of Okawaru.
  6881 | D:5      | Bought a scroll of identify for 26 gold pieces
  6881 | D:5      | Bought a scroll of identify for 26 gold pieces
  7600 | D:8      | Found an ancient bone altar of Kikubaaqudgha.
  7662 | D:8      | Reached XP level 10. HP: 81/85 MP: 9/9
  7982 | D:9      | Received a gift from Nemelex Xobeh
  8140 | D:9      | Found Niphobb's Distillery.
  8143 | D:9      | Bought a potion of curing for 42 gold pieces
  8269 | D:9      | Noticed a white ugly thing
  8284 | D:9      | Killed a white ugly thing
  8457 | D:9      | Found a sacrificial altar of Ru.
  8499 | D:9      | Reached skill level 10 in Shields
  8506 | D:9      | Reached **** piety under Nemelex Xobeh
  8526 | D:9      | Reached skill level 10 in Armour
  8748 | D:9      | Found a basalt altar of Yredelemnul.
  8763 | D:9      | Noticed a profane servitor
  8779 | D:9      | Found a glowing golden altar of the Shining One.
  8781 | D:9      | Noticed an angel
  8798 | D:9      | Received a gift from Nemelex Xobeh
  8881 | D:9      | Noticed Erica
  8893 | D:9      | Killed Erica
  9350 | D:10     | Entered Level 10 of the Dungeon
  9517 | D:10     | Noticed a gargoyle
  9547 | D:9      | Killed a gargoyle
  9936 | D:10     | Got a fine scale mail
  9947 | D:10     | Identified the +1 scale mail of the Harp {*Contam MR+ Int+5 Dex+4} (You found it on level 10 of the Dungeon)
  9956 | D:10     | Gained mutation: You occasionally shout uncontrollably at your foes. [mutagenic glow]
 10004 | D:10     | Reached XP level 11. HP: 89/96 MP: 10/10
 10060 | D:10     | Received a gift from Nemelex Xobeh
 10610 | D:10     | Received a gift from Nemelex Xobeh
 10883 | D:11     | Found a staircase to the Lair.
 10884 | D:11     | Noticed an oklob plant
 10897 | D:11     | Found Teahuh's Jewellery Boutique.
 10898 | D:11     | Noticed a hill giant
 10989 | D:11     | Noticed a white ugly thing
 11000 | D:11     | Killed a hill giant
 11006 | D:11     | Demolished by a white ugly thing

Skill      XL: |  1  2  3  4  5  6  7  8  9 10 11 |
---------------+----------------------------------+-----
Fighting       | 4 5 6 7 9 |  9.4
Shields        | 4 5 6 7 9 10 | 10.9
Axes           | 3 |  3.2
Armour         | 4 5 6 7 8 9 10 | 10.6
Short Blades   | 1 2 3 5 6 8 9 |  9.2
Dodging        | 1 2 4 5 6 |  6.7
Stealth        | 1 2 |  2.0
Evocations     | |  0.1

Action                   |  1- 3 |  4- 6 |  7- 9 | 10-12 || total
-------------------------+-------+-------+-------+-------++-------
Melee: War axe           |    72 |       |       |       ||    72
       Headbutt          |    28 |    34 |    83 |    85 ||   230
       Short sword       |    77 |   118 |   357 |   338 ||   890
       Dagger            |       |    86 |   135 |       ||   221
Evoke: Deck              |       |       |       |     6 ||     6
       Wand              |       |       |       |     4 ||     4
  Use: Scroll            |     3 |     7 |     5 |    12 ||    27
       Potion            |       |     3 |     4 |     1 ||     8
  Eat: Bread ration      |     1 |       |       |       ||     1
       Chunk             |       |     4 |    11 |     6 ||    21
       Beef jerky        |       |     1 |     2 |       ||     3
       Meat ration       |       |       |       |     1 ||     1
Armor: Scale mail        |     4 |       |    11 |    65 ||    80
       Chain mail        |    60 |   138 |   134 |       ||   332
Dodge: Dodged            |    26 |    54 |    99 |   111 ||   290
Block: Shield            |    57 |    99 |   194 |   153 ||   503
